 Dungeon Crawl Stone Soup version 0.31-a0-219-g8d62b2e7bb (webtiles) character file.

Game seed: 3627714233483952712

58 qw the Chopper (level 4, -5/28 HPs)
             Began as a Gargoyle Fighter on July 3, 2023.
             Slain by Robin
             ... wielding a +4 mace of protection
              (8 damage)
             ... on level 2 of the Dungeon.
             The game lasted 00:00:40 (1014 turns).

qw the Chopper (Gargoyle Fighter)                   Turns: 1014, Time: 00:00:41

Health: -5/28      AC: 10    Str: 22    XL:     4   Next: 1%
Magic:  4/4        EV:  9    Int:  8    God:
Gold:   104        SH:  4    Dex:  9    Spells: 3/3 levels left

rFire   . . .        Y - +0 war axe
rCold   . . .        c - +0 buckler
rNeg    + . .        b - +0 scale mail
rPois   inf          (no helmet)
rElec   +            (no cloak)
rCorr   .            (no gloves)
SInv    .            (no boots)
Will    .....        (no amulet) Stlth
                     (no ring)
HPRegen 0.24/turn    (no ring)
MPRegen 0.09/turn

%: no passive effects
@: no status effects
A: sickness immunity, AC +3, negative energy resistance 1, electricity
resistance, torment resistance 1, petrification resistance
a: no special abilities


You were on level 2 of the Dungeon.
You visited 1 branch of the dungeon, and saw 2 of its levels.

You collected 104 gold pieces.


Innate Abilities, Weirdness & Mutations

You are immune to sickness and miasma.
Your stone body is resilient. (AC +3)
You are immune to poison.
You resist negative energy. (rN+)
You are resistant to electric shocks. (rElec)
You are resistant to unholy torment.
You are immune to petrification.


   Skills:
 - Level 3.2 Fighting
 + Level 3.8 Axes
 - Level 3.2 Armour
 - Level 3.2 Shields


You had 3 spell levels left.
You didn't know any spells.
Your spell library was empty.

Inventory:

Hand Weapons
 i - a +0 flail
 Y - a +0 war axe (weapon)
Armour
 b - a +0 scale mail (worn)
 c - a +0 buckler (worn)
 k - a +0 chain mail
Scrolls
 a - a scroll of vulnerability {unknown}
 g - a scroll of fog {unknown}
Potions
 d - a potion of might
 e - a potion of curing {unknown}
 f - 2 potions of resistance {unknown}
 h - a potion of magic {unknown}
 j - a potion of heal wounds {unknown}

Dungeon Overview and Level Annotations

Branches:
Dungeon (2/15)

Altars:

Annotations:
D:2 Robin


Message History

The adder bites you.
You have reached level 4!
You feel stronger.
You hit Robin.
Robin is moderately wounded.
You closely miss the adder. The adder barely misses you.
Robin hits you with a +4 mace of protection.
The adder barely misses you.
You closely miss Robin.
Robin is moderately wounded.
You hit the adder.
Robin hits you with a +4 mace of protection.
The adder bites you but does no damage. Robin closely misses you.
You barely miss Robin.
Robin is moderately wounded.
You miss the adder. The adder bites you but does no damage.
Robin hits you with a +4 mace of protection!
The adder bites you but does no damage.
You closely miss Robin.
Robin is moderately wounded.
You hit the adder. You block the adder's attack.
Robin hits you but does no damage. The adder barely misses you.
You hit Robin but do no damage.
Robin is moderately wounded.
You slash the adder! Robin closely misses you.
The adder bites you but does no damage.
Robin hits you with a +4 mace of protection.
The adder closely misses you.
You barely miss the adder.
The adder is almost dead.
You hit Robin. The adder bites you but does no damage. Robin barely misses you.
You closely miss the adder.
The adder is almost dead.
You hit Robin but do no damage. You block the adder's attack.
Robin hits you with a +4 mace of protection!
You die...

..............#
######## #.# #
##.....####...#
#.# ##...###
#...# #..
##...# ##..##
... .#...#
##..### ...
.#...# ##...#
.#.### ###.#
.#.# #)# .#.#
#@# .#.# #gS#
.#.# ##(.. .#.#
##... .#.#
###.. .#.# .
.#.# )#.# %#.#


You could see Robin and an adder.

Vanquished Creatures
  An adder (D:2)
  A worm (D:2)
  An endoplasm (D:2)
  A giant cockroach (D:2)
  3 hobgoblins
  2 jackals (D:1)
  5 kobolds
  A quokka (D:1)
  3 ball pythons (D:1)
  5 bats
  5 frilled lizards
  11 goblins
  4 rats
43 creatures vanquished.

Notes
Turn   | Place    | Note
-------+----------+-------------------------------------------
     0 | D:1      | qw the Gargoyle Fighter began the quest for the Orb.
     0 | D:1      | Reached XP level 1. HP: 14/14 MP: 1/1
     0 | D:1      | 0 ||| qw: Version: 0.3-a-40-ge99b1a8
     0 | D:1      | 0 ||| qw: Game counter: 442
     0 | D:1      | 0 ||| qw: Melee chars always use a shield: true
     0 | D:1      | 0 ||| qw: God list: Okawaru
     0 | D:1      | 0 ||| qw: Allow faded altars: false
     0 | D:1      | 0 ||| qw: Do Orc after clearing Dungeon:15 true
     0 | D:1      | 0 ||| qw: Do second Lair branch before Depths: true
     0 | D:1      | 0 ||| qw: Lair rune preference: random
     0 | D:1      | 0 ||| qw: Goals: Normal, Zot:1-4, Slime:5, God:TSO, Crypt,
                  | Tomb, Abyss, Pan, Hells, Win
     0 | D:1      | 0 ||| PLANNING D:1-11
    23 | D:1      | 23 ||| Stepping ~*~*~tactically~*~*~ (stealth).
   146 | D:1      | Reached XP level 2. HP: 19/19 MP: 2/2
   410 | D:1      | 410 ||| DROPPING +0 club.
   553 | D:1      | Reached skill level 3 in Axes
   639 | D:1      | 639 ||| READING scroll labelled OTANUHIRE.
   640 | D:1      | 640 ||| READING scroll labelled POIRHO URULU.
   641 | D:1      | 641 ||| READING scroll labelled VEHITU XU KUL.
   642 | D:1      | 642 ||| READING scroll labelled WEOJA TASU.
   676 | D:2      | 676 ||| Stepping ~*~*~tactically~*~*~ (hiding).
   681 | D:2      | Reached XP level 3. HP: 23/23 MP: 3/3
   707 | D:2      | 707 ||| Stepping ~*~*~tactically~*~*~ (stealth).
   722 | D:2      | 722 ||| Stepping ~*~*~tactically~*~*~ (stealth).
   847 | D:2      | 847 ||| DROPPING +0 mace.
   853 | D:2      | 853 ||| DROPPING +0 heavy mace.
   987 | D:2      | 987 ||| Stepping ~*~*~tactically~*~*~ (stealth).
   990 | D:2      | Noticed Robin
  1008 | D:2      | Reached XP level 4. HP: 16/28 MP: 4/4
  1010 | D:2      | HP: 6/28 [Robin/+4 mace of protection (7)]
  1012 | D:2      | HP: 2/28 [Robin/+4 mace of protection (4)]
  1014 | D:2      | Slain by Robin

Levels and vault maps discovered:
D:1:      lightli_arrival_flooded_house, layout_loops_ring
D:2:      layout_basic, basic_altar, uniq_robin, uniq_natasha

Skill      XL: |  1  2 |
---------------+-------+-----
Axes           | 2 3 |  3.8
Fighting       | |  3.2
Armour         | |  3.2
Shields        | |  3.2

Action                     |  1- 3 |  4- 6 || total
---------------------------+-------+-------++-------
  Melee: War axe           |   122 |     7 ||   129
    Use: Scroll            |     4 |       ||     4
 Armour: Scale mail        |    66 |     6 ||    72
  Dodge: Dodged            |    64 |     7 ||    71
  Block: Buckler           |    22 |     2 ||    24

Table legend:
 A = Non-vault XP
 B = Vault XP
 C = Vault XP percentage of total XP
 D = Non-vault monster count
 E = Vault monster count
 F = Vault count percentage of total count
                 A         B        C        D         E       F
            +---------+---------+-------+---------+---------+-------
      Total |      64 |      19 |  22.9 |      33 |      10 |  23.3
            +---------+---------+-------+---------+---------+-------
        D:1 |      30 |       0 |   0.0 |      20 |       0 |   0.0
        D:2 |      34 |      19 |  35.8 |      13 |      10 |  43.5
            +---------+---------+-------+---------+---------+-------
